Map: Blackpink LE

Players

eGGz (eggs)

  • Race: Zerg Zerg
  • Spawn Location: 7:00

Serral - Winner!

  • Race: Zerg Zerg
  • Spawn Location: 1:00

Event: IEM Season 12 - PyeongChang

VOD

Have the link to the VOD?

Description

Time

  • Played on: Feb. 5, 2018, 2:25 a.m.
  • Length: 4:49

All games in this series

Show
View Real Time Build Order
Export as new Build Order

eGGz Zerg 

Build Orders: Hatch First 

Get SALT Encoding   

  12  0:06  Drone  
  13  0:11  Drone  
  14  0:16  Drone, Extractor  
  15  0:39  Hatchery  
  14  0:44  Extractor  
  13  0:55  Spawning Pool  
  12  1:00  Drone  
  12  1:03  Drone  
  14  1:13  Overlord  
  14  1:41  Drone  
  14  1:42  Queen  
  14  1:45  Metabolic Boost  
  17  1:47  Zergling x2  
  17  1:51  Zergling x2  
  19  2:02  Queen  
  21  2:13  Zergling x4  
  21  2:14  Zergling x2  
  24  2:21  Overlord  
  24  2:25  Zergling x2  
  24  2:28  Zergling x2  
  26  2:34  Zergling x4  
  28  2:46  Zergling x6  
  31  2:58  Zergling x2  
  31  2:59  Zergling x6  
  35  3:05  Zergling x2  
  35  3:12  Extractor  
  36  3:14  Overlord  
  35  3:31  Zergling x2  
  35  3:32  Zergling x2  
  35  3:41  Zergling x10  
  34  3:47  Zergling x6  
  38  3:54  Zergling x4  
  39  4:01  Zergling x2  
  39  4:02  Zergling x4  
  41  4:08  Zergling x2  
  39  4:15  Zergling x4  
Show
View Real Time Build Order
Export as new Build Order

Serral Zerg - Winner!

Build Orders: Hatch First, Zergling Baneling 

Get SALT Encoding   

  12  0:00  Drone  
  13  0:12  Overlord  
  13  0:17  Drone  
  14  0:31  Drone x2  
  14  0:34  Drone  
  17  0:51  Hatchery  
  17  0:54  Drone  
  17  0:57  Drone  
  18  1:07  Extractor  
  17  1:12  Spawning Pool  
  17  1:15  Drone  
  18  1:18  Drone  
  18  1:28  Drone  
  19  1:40  Overlord  
  19  1:58  Queen  
  19  1:59  Zergling x2  
  19  2:00  Zergling x2  
  23  2:02  Queen  
  23  2:03  Zergling x2  
  23  2:07  Metabolic Boost  
  26  2:11  Drone  
  26  2:14  Drone  
  28  2:22  Drone  
  29  2:24  Drone  
  30  2:31  Baneling Nest  
  30  2:33  Drone  
  30  2:36  Zergling x2  
  31  2:45  Drone  
  32  2:53  Hatchery  
  32  2:54  Drone  
  32  2:57  Drone  
  33  3:00  Overlord  
  34  3:05  Zergling x4  
  34  3:09  Zergling x2  
  35  3:15  Baneling  
  35  3:17  Baneling  
  35  3:19  Zergling x4  
  37  3:22  Zergling x2  
  38  3:29  Zergling x6  
  38  3:41  Baneling x2  
  38  3:43  Overlord  
  38  3:46  Drone x2  
  40  3:52  Drone x2  
  42  4:00  Overlord  
  42  4:08  Zergling x4  
  42  4:14  Baneling x2  
  42  4:15  Zergling x2  
  42  4:16  Zergling x6  
  46  4:23  Zergling x4  
  48  4:27  Baneling x3  

Tags
 
Add a new tag
Caveats
  • Supply blocks, unpowered buildings, or Contaminate may cause inaccurate times.
  • Supply counts are checked every 10 seconds.